 Dungeon Crawl Stone Soup version 0.27.1-34-g3ba077fa99 (webtiles) character file.

Game seed: 5817808648057081886

525 multipassport the Covert (level 7, -3/46 HPs)
             Began as an Octopode Brigand on Jan 15, 2022.
             Was a Priest of Elyvilon.
             Slain by a phantom (10 damage)
             ... on level 5 of the Dungeon.
             The game lasted 00:12:43 (3659 turns).

multipassport the Covert (Octopode Brigand)         Turns: 3659, Time: 00:12:44

Health: -3/46      AC:  1    Str: 10    XL:     7   Next: 23%
Magic:  9/9        EV: 14    Int: 14    God:    Elyvilon [***...]
Gold:   126        SH:  0    Dex: 15    Spells: 6/6 levels left

rFire    . . .     SeeInvis .   a - +3 dagger
rCold    . . .     Faith    .   (no shield)
rNeg     . . .     Spirit   .   (helmet restricted)
rPois    .         Reflect  .   (no amulet)
rElec    .         Harm     .   (no ring)
rCorr    .         Rampage  .   (no ring)
Will     .....                  (no ring)
Stlth    +++++.....             (no ring)
HPRegen  0.15/turn              (no ring)
MPRegen  0.11/turn              (no ring)
                                (no ring)
                                (no ring)

@: no status effects
A: almost no armour, amphibious, 8 rings, camouflage 1, gelatinous body 1,
(nimble swimmer 1), tentacles
a: Renounce Religion, Lesser Healing, Heal Other, Purification, Divine
Protection


You were on level 5 of the Dungeon.
You worshipped Elyvilon.
Elyvilon was most pleased with you.
You visited 1 branch of the dungeon, and saw 5 of its levels.

You collected 126 gold pieces.

Inventory:

Hand Weapons
 a - a +3 dagger (weapon)
Missiles
 b - 40 poisoned darts (quivered)
 c - 2 curare-tipped darts
Scrolls
 d - 2 scrolls of identify
 e - a scroll of teleportation
 h - a scroll of amnesia
 i - a scroll of enchant weapon
 j - a scroll of noise
 m - a scroll of immolation {unknown}
 n - a scroll of magic mapping {unknown}
Potions
 f - a potion of magic {unknown}
 g - a potion of degeneration
 k - a potion of brilliance {unknown}
 l - a potion of lignification {unknown}


   Skills:
 + Level 3.5 Fighting
 + Level 3.4 Short Blades
 - Level 2.0 Throwing
 + Level 3.0 Dodging
 * Level 8.3 Stealth
 + Level 2.7 Invocations


You had 6 spell levels left.
You didn't know any spells.
Your spell library contained the following spells:

 Spells                   Type           Power      Damage    Failure   Level
 Call Canine Familiar     Summ           0%         N/A       65%         3
 Portal Projectile        Hex/Tloc       0%         N/A       65%         3
 Leda's Liquefaction      Hex/Erth       0%         N/A       96%         4


Dungeon Overview and Level Annotations

Branches:
Dungeon (5/15)
 Temple: D:4-7

Altars:
Elyvilon

Shops:
D:5 [

Annotations:
D:4 3 runed translucent doors, Dicemaster's ghost, amateur GnWr


Innate Abilities, Weirdness & Mutations

You cannot wear most types of armour.
You are amphibious.
You can wear up to eight rings at the same time.
Your skin changes colour to match your surroundings (Stealth+).
Your rubbery body absorbs attacks. (AC +1, EV +1)
((You are camouflaged near water. (Stealth+)))
You have tentacles for arms and can constrict up to eight enemies at once.


Message History

You closely miss the hound. Your grab misses the hound.
The hound closely misses you.
You closely miss the hound. Your grab misses the hound. The hound bites you.
The hound closely misses you.
You barely miss the hound. You grab the hound. You squeeze the hound!
The hound is moderately wounded.
You constrict the hound. The hound bites you.
You hit the hound. You squeeze the hound.
You kill the hound!
You hit the phantom but do no damage. You barely miss the phantom.
You squeeze the phantom!
The phantom is moderately damaged.
The phantom misses you.
You hit the phantom.
The phantom is moderately damaged.
The phantom closely misses you.
You hit the phantom.
The phantom is heavily damaged.
The phantom misses you.
You hit the phantom.
The phantom is severely damaged.
The phantom hits you.
The phantom blinks!
You blink.
You hit the phantom.
The phantom is severely damaged.
The phantom closely misses you.
You hit the phantom.
The phantom is severely damaged.
The orc hits you with a +0 trident! The phantom hits you!
The phantom blinks!
You blink.
You barely miss the phantom. Your squeeze misses the phantom.
The phantom is severely damaged.
The phantom hits you.
The phantom blinks!
You blink.
You hit the phantom. Your squeeze misses the phantom.
The phantom is almost destroyed.
The phantom hits you!
* * * LOW HITPOINT WARNING * * *
You hit the phantom but do no damage.
The phantom is almost destroyed.
The phantom hits you!
You die...

..#.....#.........#.........### .
............#.........#...##..#..
...........###..^..>..##..#......
...........#..........#..§#......
#...##..............§o..$...#
.....##.....PPP......##........#
.............∩P.....#.....###.##
..<.........PPP....##.....# .#
.........<......@W###....... ..
.................## #....... .
..........##.....# #.......
...........###...# .........
........... ...... .......
#........#. ..###.. #...#..#.#
.#. # ..#.


You could see a phantom and an orc.

Vanquished Creatures
  Sigmund (D:4)
  An ogre (D:4)
  A scorpion (D:4)
  2 hounds
  3 gnolls (D:2)
  4 adders
  An ufetubus (D:5)
  4 worms
  A dart slug (D:1)
  7 orcs
  8 ball pythons
  4 bats
  7 endoplasms
  7 giant cockroaches (D:1)
  5 goblins
  9 hobgoblins
  2 jackals (D:2)
  4 quokkas
  A frilled lizard (D:2)
  4 kobolds
  5 rats
81 creatures vanquished.

Notes
Turn   | Place    | Note
-------+----------+-------------------------------------------
     0 | D:1      | multipassport the Octopode Brigand began the quest for the
                  | Orb.
     0 | D:1      | Reached XP level 1. HP: 14/14 MP: 1/1
   161 | D:1      | Reached XP level 2. HP: 18/19 MP: 2/2
   356 | D:1      | Found a faded altar of an unknown god.
   427 | D:1      | Became a worshipper of Elyvilon the Healer
   427 | D:1      | Reached * piety under Elyvilon
   557 | D:1      | Reached XP level 3. HP: 23/24 MP: 3/3
   992 | D:2      | Reached skill level 6 in Stealth
  1206 | D:2      | Reached skill level 1 in Invocations
  1206 | D:2      | Reached XP level 4. HP: 12/30 MP: 4/4
  1552 | D:2      | Reached ** piety under Elyvilon
  2103 | D:3      | Reached XP level 5. HP: 35/35 MP: 4/6
  2534 | D:4      | Reached *** piety under Elyvilon
  2615 | D:4      | Reached skill level 7 in Stealth
  2704 | D:4      | Noticed Sigmund
  2828 | D:4      | Killed Sigmund
  2829 | D:4      | Reached XP level 6. HP: 6/42 MP: 7/7
  3199 | D:4      | Reached skill level 8 in Stealth
  3199 | D:4      | Reached XP level 7. HP: 46/46 MP: 8/8
  3562 | D:4      | Found a runed translucent gate.
  3563 | D:4      | Found a runed translucent gate.
  3563 | D:4      | Noticed Dicemaster's ghost (amateur GnWr)
  3565 | D:4      | Found a runed translucent gate.
  3595 | D:5      | Entered Level 5 of the Dungeon
  3601 | D:5      | Found Vumoesu's Antique Armour Emporium.
  3659 | D:5      | Slain by a phantom

Illustrated notes

Levels and vault maps discovered:
D:1:      wander_arrival_chamber, layout_loops_cross,
          dreamdust_ecumenical_altar_statues, minmay_misc_feat_rows
D:2:      layout_basic
D:3:      layout_loops_ring, small_statue_intersection, grunt_ministairs_7,
          serial_bayou_pond_e
D:4:      layout_rooms, gammafunk_ghost_necromancy, uniq_sigmund
D:5:      black_bear_nest_2, layout_cave_pools, grunt_temple_overflow_open,
          minmay_temple_entry_tees, serial_shops,
          nicolae_shop_overgrown_old_shop, shop, minmay_misc_feat_encased,
          uniq_edmund

Skill      XL: |  1  2  3  4  5  6 |
---------------+-------------------+-----
Stealth        | 6 7 8 |  8.3
Invocations    | 1 2 |  2.7
Dodging        | 2 3 |  3.0
Fighting       | 3 |  3.5
Short Blades   | 3 |  3.4
Throwing       | |  2.0

Action                   |  1- 3 |  4- 6 |  7- 9 || total
-------------------------+-------+-------+-------++-------
Melee: Dagger            |    71 |    79 |    38 ||   188
       Constrict         |    16 |    17 |     7 ||    40
       Tentacles         |    12 |    15 |     6 ||    33
Throw: Dart              |       |     5 |     1 ||     6
  Use: Scroll            |       |     9 |       ||     9
       Potion            |       |     1 |       ||     1
 Stab: Sleeping          |     9 |    17 |       ||    26
       Distracted        |       |     1 |       ||     1
Armor: Skin              |     8 |     2 |       ||    10
Dodge: Dodged            |    47 |    32 |    25 ||   104
